 Dungeon Crawl Stone Soup version 0.24-a0-769-g368c1644f8 (webtiles) character file.

Game seed: 18022470735708315973, levelgen mode: deterministic

86 Gargoyl the Skirmisher (level 4, -2/40 HPs)
             Began as a Centaur Abyssal Knight on Oct 6, 2019.
             Was a Follower of Lugonu.
             Slain by an adder (4 damage)
             ... on level 2 of the Dungeon.
             The game lasted 00:02:46 (1442 turns).

Gargoyl the Skirmisher (Centaur Abyssal Knight)     Turns: 1442, Time: 00:02:47

Health: -2/40      AC:  7    Str: 14    XL:     4   Next: 27%
Magic:  5/5        EV:  4    Int: 11    God:    Lugonu [*.....]
Gold:   123        SH:  0    Dex: 10    Spells: 3/3 levels left

rFire    . . .     SeeInvis .   a - +1 hand axe
rCold    . . .     Gourm    .   (no shield)
rNeg     . . .     Faith    .   b - +0 chain mail
rPois    .         Spirit   .   (no helmet)
rElec    .         Reflect  .   (no cloak)
rCorr    .         Harm     .   (no gloves)
MR       .....                  (no barding)
Stlth    ..........             (no amulet)
HPRegen  0.13/turn              (no ring)
MPRegen  0.09/turn              (no ring)

@: lethally poisoned (-2 -> -5), berserk cooldown, slowed
A: large, hooves 3, deformed body, speed 2, tough skin 3
a: Depart the Abyss, Renounce Religion


You were on level 2 of the Dungeon.
You worshipped Lugonu.
Lugonu was aware of your devotion.
You were not hungry.

You visited 1 branch of the dungeon, and saw 2 of its levels.
You visited the Abyss 1 time.

You collected 123 gold pieces.

Inventory:

Hand Weapons
 a - a +1 hand axe (weapon)
Armour
 b - a +0 chain mail (worn)
Jewellery
 i - a cursed -3 ring of strength {unknown}
Scrolls
 e - 3 scrolls of identify {unknown}
 f - 3 scrolls of remove curse {unknown}
 g - a scroll of amnesia {unknown}
 h - 2 scrolls of teleportation {unknown}
 k - a scroll of immolation {unknown}
Comestibles
 c - 4 rations
 d - 4 chunks of flesh


   Skills:
 + Level 3.6 Fighting
 + Level 2.2 Axes
 * Level 2.1 Armour
 * Level 1.2 Dodging
 * Level 2.5 Invocations


You had 3 spell levels left.
You didn't know any spells.
Your spell library was empty.

Dungeon Overview and Level Annotations

Branches:
Dungeon (2/15)

Altars:

Annotations:
D:2 Natasha


Innate Abilities, Weirdness & Mutations

You have hooves in place of feet.
Armour fits poorly on your strangely shaped body.
You cover ground very quickly.
You have extremely tough skin. (AC +3)


Message History

Natasha casts a spell.
The shadow imp gestures at you.
You barely resist.
Unknown command.
You aren't carrying any potions.
* * * LOW HITPOINT WARNING * * *
You feel sick.
* * * LOW HITPOINT WARNING * * *
You feel sick.
Natasha casts a spell.
The adder bites you but does no damage.
* * * LOW HITPOINT WARNING * * *
You feel sick.
Unknown command.
The adder completely misses you.
* * * LOW HITPOINT WARNING * * *
You feel sick.
Unknown command.
The crimson imp blinks!
The adder bites you.
You die...

..... .#..## ... ... #.# .# #.#
..# ####### #.#########.##
......# #..S.§h5.....#####
..###.# #.@####..#.......#
†..##.#########(.####..#.#..##.#
..###..(.....[(..##....5.#..##.##
.## ############.##.#..........#.
## #.##.#.5......#.#.
#...............#.
####.###.......[÷÷ #..
#...##.#.#. #..# #...##.#.#.


You could see Natasha, an adder and a shadow imp.

Vanquished Creatures
  Jessica (D:2)
  Natasha (D:2)
  A leopard gecko (D:2)
  A ball python (D:1)
  A giant cockroach (D:2)
  6 hobgoblins
  3 jackals (D:2)
  7 kobolds
  7 bats
  3 frilled lizards
  3 rats
34 creatures vanquished.

Vanquished Creatures (others)
  A large abomination (Abyss:1)
1 creature vanquished.

Grand Total: 35 creatures vanquished

Notes
Turn   | Place    | Note
-------+----------+-------------------------------------------
     0 | Abyss:1  | Gargoyl the Centaur Abyssal Knight began the quest for the
                  | Orb.
     0 | Abyss:1  | Reached XP level 1. HP: 19/19 MP: 2/2
   179 | Abyss:1  | Noticed an iron imp
   208 | Abyss:1  | Killed a large abomination
   220 | Abyss:2  | Found a corrupted altar of Lugonu.
   263 | Abyss:2  | Noticed a chaos spawn
   277 | Abyss:2  | Noticed a large abomination
   279 | Abyss:2  | Noticed a starcursed mass
   283 | D:1      | Escaped the Abyss
   489 | D:1      | Reached * piety under Lugonu
   489 | D:1      | Reached XP level 2. HP: 26/26 MP: 3/3
  1041 | D:2      | Reached skill level 1 in Dodging
  1130 | D:2      | Noticed Jessica
  1143 | D:2      | Killed Jessica
  1143 | D:2      | Reached XP level 3. HP: 30/31 MP: 4/4
  1390 | D:2      | Noticed Natasha
  1407 | D:2      | Killed Natasha
  1407 | D:2      | Reached XP level 4. HP: 9/40 MP: 5/5
  1416 | D:2      | Noticed Natasha
  1440 | D:2      | HP: 2/40 [poisoned by an adder]
  1442 | D:2      | Slain by an adder

Levels and vault maps discovered:
D:1:      psy_arrival_spokes, layout_loops_ring
D:2:      layout_loops_cross, gammafunk_temple_overflow_elements, uniq_natasha,
          uniq_jessica

Skill      XL: |  1  2  3 |
---------------+----------+-----
Dodging        | 1 |  1.2
Axes           | 2 |  2.2
Armour         | 2 |  2.1
Fighting       | |  3.6
Invocations    | |  2.5

Action                   |  1- 3 |  4- 6 || total
-------------------------+-------+-------++-------
Melee: Hand axe          |    86 |       ||    86
       Kick              |    12 |       ||    12
Invok: Depart the Abyss  |     1 |       ||     1
  Use: Potion            |     2 |       ||     2
  Eat: Chunk             |       |     1 ||     1
Armor: Chain mail        |    93 |     3 ||    96
Dodge: Dodged            |    28 |     3 ||    31

Table legend:
 A = Non-vault XP
 B = Vault XP
 C = Vault XP percentage of total XP
 D = Non-vault monster count
 E = Vault monster count
 F = Vault count percentage of total count
                 A         B        C        D         E       F
            +---------+---------+-------+---------+---------+-------
      Total |      51 |      73 |  58.9 |      32 |       2 |   5.9
            +---------+---------+-------+---------+---------+-------
        D:1 |      18 |       0 |   0.0 |      12 |       0 |   0.0
        D:2 |      33 |      73 |  68.9 |      20 |       2 |   9.1
            +---------+---------+-------+---------+---------+-------
